 Dungeon Crawl Stone Soup version 0.30-a0-557-ge2afbf3030 (webtiles) character file.

Game seed: 14070542928576277197

145 greasedhog the Shooter (level 5, 0/32 HPs)
             Began as a Gargoyle Hexslinger on Dec 27, 2022.
             Slain by a gnoll
             ... wielding a +0 whip
              (5 damage)
             ... on level 2 of the Dungeon.
             The game lasted 00:04:03 (2266 turns).

greasedhog the Shooter (Gargoyle Hexslinger)        Turns: 2266, Time: 00:04:04

Health: 0/32       AC:  8    Str: 14    XL:     5   Next: 27%
Magic:  4/6        EV: 11    Int: 13    God:
Gold:   1603       SH:  0    Dex: 12    Spells: 2/6 levels left

rFire   . . .      SeeInvis .    a - +1 sling
rCold   . . .      Faith    .    (no shield)
rNeg    + . .      Spirit   .    e - +0 leather armour
rPois   ∞          Reflect  .    (no helmet)
rElec   +          Harm     .    (no cloak)
rCorr   .          Rampage  .    o - +0 pair of gloves
Will    +....                    (no boots)
Stlth   +                        (no amulet)
HPRegen 0.25/turn                l - ring of willpower
MPRegen 0.10/turn                (no ring)

@: no status effects
A: sickness immunity, AC +4, negative energy resistance 1, electricity
resistance, torment resistance 1, petrification resistance
a: no special abilities


You were on level 2 of the Dungeon.
You visited 1 branch of the dungeon, and saw 3 of its levels.

You collected 2241 gold pieces.
You spent 638 gold pieces at shops.

Inventory:

Hand Weapons
 a - a +1 sling (weapon)
Armour
 e - a +0 leather armour (worn)
 o - a +0 pair of gloves (worn)
Jewellery
 l - a ring of willpower (left hand)
Scrolls
 b - a scroll of poison
 d - a scroll of immolation
 g - a scroll of magic mapping
 m - 2 scrolls of blinking
 q - a scroll of noise {unknown}
Potions
 c - 2 potions of berserk rage
 f - 2 potions of resistance
 h - a potion of lignification
 i - a potion of mutation
 k - 2 potions of flight {unknown}
 n - a potion of magic {unknown}
 p - 2 potions of curing {unknown}
 r - a potion of attraction {unknown}
 s - a potion of ambrosia {unknown}


   Skills:
 * Level 3.4 Fighting
 * Level 3.7 Ranged Weapons
 - Level 1.5 Dodging
 - Level 1.0 Spellcasting
 + Level 3.3 Hexes


You had 2 spell levels left.
You knew the following spells:

 Your Spells              Type           Power      Damage    Failure   Level
a - Slow                  Hex            36%        N/A       10%         1
b - Inner Flame           Hex/Fire       4%         N/A       50%         3

Your spell library contained the following spells:

 Spells                   Type           Power      Damage    Failure   Level
 Portal Projectile        Hex/Tloc       8%         N/A       50%         3
 Cause Fear               Hex            4%         N/A       67%         4


Dungeon Overview and Level Annotations

Branches:
Dungeon (3/15)

Altars:

Shops:
D:1 *


Innate Abilities, Weirdness & Mutations

You are immune to sickness and miasma.
Your stone body is resilient. (AC +4)
You are immune to poison.
You resist negative energy. (rN+)
You are resistant to electric shocks. (rElec)
You are resistant to unholy torment.
You are immune to petrification.


Message History

You shoot a sling bullet.
The sling bullet hits the gnoll but does no damage.
The gnoll is almost dead.
The gnoll closely misses you.
Fire: a) +1 sling
Press: ? - help, Q - select action, (/) - cycle Shift-Dir - straight line, f/p - gnoll
Aim: a gnoll, wielding a +0 whip (lightly wounded, 61% to hit)
You shoot a sling bullet. The sling bullet hits the gnoll.
You kill the gnoll!
The gnoll hits you but does no damage.
The gnoll hits you from afar with a +0 halberd!
The gnoll attacks as you move away! The gnoll hits you with a +0 whip.
The gnoll attacks as you move away! The gnoll hits you but does no damage.
The gnoll attacks as you move away! The gnoll hits you with a +0 whip.
* * * LOW HITPOINT WARNING * * *
The gnoll attacks as you move away! The gnoll barely misses you.
The gnoll attacks as you move away! The gnoll hits you with a +0 whip.
* * * LOW HITPOINT WARNING * * *
The gnoll attacks as you move away! The gnoll hits you with a +0 whip.
* * * LOW HITPOINT WARNING * * *
There is an open door here.
There is a stone staircase leading up here.
The gnoll hits you but does no damage.
You climb upwards.
There is a stone staircase leading down here.
Casting: Inner Flame (extremely dangerous; 50% risk of failure)
Confirm with . or Enter, or press ? or * to list all spells.
Aiming: Slow (safe; 10% risk of failure)
Press: ? - help, Shift-Dir - straight line, f - gnoll
Aim: a gnoll, wielding a +0 whip (chance to affect: 51%)
The gnoll resists with significant effort.
The gnoll barely misses you.
Casting: Slow (safe; 10% risk of failure)
Confirm with . or Enter, or press ? or * to list all spells.
Aiming: Slow (safe; 10% risk of failure)
Press: ? - help, Shift-Dir - straight line, f/p - gnoll
Aim: a gnoll, wielding a +0 whip (chance to affect: 51%)
The gnoll resists with significant effort.
The gnoll hits you with a +0 whip.
You die...

#...# #.### #####...##.##
#...# #.#####.....####...
###...##### #.##........#
#...
..........#####.##.##....##
#...
....†.....#......#.##....#
#...
..........#.######)##....#
#... ...†......#.#
#.##....# #...
..^.......#.#
###.############..
......<...#.#
#@g...............
####.#....#.#
###.##############
#.######.# #.##############
#........# #...............
########## ################
##### #.... #....


You could see a gnoll.

Vanquished Creatures
  Terence (D:3)
  Natasha (D:2)
  A gnoll (D:3)
  2 adders (D:2)
  3 orcs (D:3)
  5 ball pythons
  5 bats
  5 endoplasms
  3 giant cockroaches
  4 hobgoblins
  4 jackals (D:3)
  5 kobolds
  5 quokkas
  2 frilled lizards
  4 goblins
  10 rats
60 creatures vanquished.

Notes
Turn   | Place    | Note
-------+----------+-------------------------------------------
     0 | D:1      | greasedhog the Gargoyle Hexslinger began the quest for the
                  | Orb.
     0 | D:1      | Reached XP level 1. HP: 12/12 MP: 2/2
   162 | D:1      | Reached XP level 2. HP: 16/16 MP: 0/3
   242 | D:1      | Found a faded altar of an unknown god.
   422 | D:1      | Found Zemn's General Store.
   633 | D:1      | Identified a scroll of acquirement
   633 | D:1      | Acquired 1103 gold pieces
   676 | D:1      | Bought a scroll of identify for 22 gold pieces
   676 | D:1      | Bought a scroll of identify for 22 gold pieces
   676 | D:1      | Bought a scroll of acquirement for 572 gold pieces
   676 | D:1      | Bought a scroll of identify for 22 gold pieces
   676 | D:1      | Acquired 994 gold pieces
  1090 | D:2      | Reached XP level 3. HP: 21/21 MP: 4/4
  1370 | D:2      | Reached XP level 4. HP: 27/27 MP: 5/5
  1420 | D:2      | Learned a level 3 spell: Inner Flame
  1490 | D:2      | Noticed Natasha
  1496 | D:2      | Killed Natasha
  1832 | D:3      | Noticed Terence
  1913 | D:3      | Killed Terence
  1914 | D:3      | Reached XP level 5. HP: 18/32 MP: 0/6
  2266 | D:2      | Slain by a gnoll

Illustrated notes

Levels and vault maps discovered:
D:1:      dpeg_arrival_ratfight, layout_basic, ebering_ecumenical_altar_mist,
          serial_shops, shop
D:2:      layout_basic, nrook_loot_triangle, uniq_natasha
D:3:      layout_basic, roderic_serpentine_path, uniq_terence

Skill      XL: |  1  2  3  4 |
---------------+-------------+-----
Fighting       | 2 3 |  3.4
Hexes          | 3 |  3.3
Ranged Weapons | 3 |  3.7
Dodging        | |  1.5
Spellcasting   | |  1.0

Action                   |  1- 3 |  4- 6 || total
-------------------------+-------+-------++-------
 Fire: Sling             |   134 |    81 ||   215
 Cast: Slow              |     6 |    13 ||    19
       Inner Flame       |       |     1 ||     1
  Use: Scroll            |     3 |     7 ||    10
Armor: Robe              |     4 |       ||     4
       Leather armour    |    34 |    27 ||    61
Dodge: Dodged            |    46 |    45 ||    91

Table legend: (Time is in decaauts)
 A = Elapsed time spent in this place.
 B = Non-inter-level travel time spent in this place.
 C = Inter-level travel time spent in this place.
 D = Time resting spent in this place.
 E = Time spent auto-exploring this place.
 F = Levels seen in this place.
 G = Mean time per level.
                   A        B        C        D        E       F      G
               +--------+--------+--------+--------+--------+-----+--------+
         Total |   2329 |   2268 |     61 |    207 |   1570 |   3 |  776.3 |
       Dungeon |   2329 |   2268 |     61 |    207 |   1570 |   3 |  776.3 |
               +--------+--------+--------+--------+--------+-----+--------+

Top non-repeatable levels by time:
     D:1: 1001 daAuts
     D:2: 735 daAuts
     D:3: 592 daAuts
